Kings vs Sharks

Created - February 12 2011 at 12:29

Goals
1 2 3 OT1 SO T
Kings 4 0 1 0 0 5
Sharks 1 4 0 0 1 6
Shots
1 2 3 OT1 SO T
Kings 15 2 10 1 3 28
Sharks 6 10 18 2 3 36

Period #1

1. Kings , Sean Bergenheim 11 (Michael Frolik, Martin Skoula) at 1:39 (PP)
2. Sharks , Tom Kostopoulos 5 (Kamil Kreps, Eric Brewer) at 6:46
3. Kings , Michael Frolik 10 (Craig Adams) at 12:11 (SH)
4. Kings , Sean Bergenheim 12 (Jamie McBain) at 15:30
5. Kings , Michael Frolik 11 (Matt Duchene, Jamie McBain) at 17:37 (PP)

Penalties :
Bryan McCabe (SJS) for Hooking (Minor) at 0:42, Blake Comeau (SJS) for Roughing (Minor) at 8:48, Ruslan Fedotenko (LOS) for High sticking (Minor) at 10:50, Johnny Boychuk (SJS) for Interference (Minor) at 16:04

Period #2

6. Sharks , Shane Doan 15 (Erik Christensen) at 8:37
7. Sharks , Jarret Stoll 7 (Alex Tanguay) at 11:52
8. Sharks , Blake Comeau 12 (Jarret Stoll) at 18:14
9. Sharks , Mason Raymond 18 (Mark Stuart, Jarret Stoll) at 18:47

Penalties :
Bryan Allen (LOS) for Hooking (Minor) at 1:27, Brad Staubitz (SJS) for Hooking (Minor) at 8:44, Jarret Stoll (SJS) for Hooking (Minor) at 14:32

Period #3

10. Kings , Craig Adams 6 (Bryan Allen) at 9:26

Penalties :
Darroll Powe (LOS) for Hooking (Minor) at 0:43, Tom Kostopoulos (SJS) for Tripping (Minor) at 3:28, Martin Skoula (LOS) for Checking from behind (Major / Game Misconduct) at 3:28, Bryan Allen (LOS) for Slashing (Minor) at 4:36, Sean Bergenheim (LOS) for Hooking (Minor) at 10:39

Overtime #1

No Goal

Penalties :
No Penalty

Shootout

Penalty Shot by Matt Duchene for Kings - Stopped by Martin Brodeur
Penalty Shot by Mason Raymond for Sharks - Stopped by Ondrej Pavelec
Penalty Shot by Sean Bergenheim for Kings - Stopped by Martin Brodeur
Penalty Shot by Jarret Stoll for Sharks - Stopped by Ondrej Pavelec
Penalty Shot by Craig Adams for Kings - Shot Misses the Net
Penalty Shot by Blake Comeau for Sharks - Goal!

Penalties :
No Penalty

Goalie Stats

Ondrej Pavelec (LOS), 21 saves from 21 shots - (1.000), OTL, 4-8-3, 26:13 minutes
Nikolai Khabibulin (LOS), 10 saves from 15 shots - (0.667), 38:47 minutes
Martin Brodeur (SJS), 8 saves from 8 shots - (1.000), W, 15-23-4, 15:34 minutes
Scott Clemmensen (SJS), 15 saves from 20 shots - (0.750), 49:26 minutes

Players Stats

Kings
Player Name              G  A  P  +/- PIM S  H  SB FO    MP 
------------------------------------------------------------
Bryan Allen              0  1  1  -1  4   1  2  1  0/0   21 
Cory Sarich              0  0  0  -1  0   0  3  0  0/0   8  
Craig Adams              1  1  2   0  0   6  0  0  6/13  21 
Craig Conroy             0  0  0  -1  0   1  0  0  7/10  16 
Darroll Powe             0  0  0  -1  2   0  3  0  4/13  14 
Ethan Moreau             0  0  0  -1  0   2  0  0  1/3   16 
Evgeny Artyukhin         0  0  0  -2  0   1  1  0  0/0   11 
Jamie McBain             0  2  2   1  0   1  0  1  0/0   23 
Jay Pandolfo             0  0  0  -1  0   0  0  0  0/1   12 
Kent Huskins             0  0  0  -1  0   1  0  1  0/0   23 
Martin Skoula            0  1  1   0  15  0  0  0  0/0   16 
Matt Duchene             0  1  1   0  0   2  2  0  13/25 24 
Michael Del Zotto        0  0  0  -2  0   1  0  2  0/0   20 
Michael Frolik           2  1  3   2  0   3  2  0  3/4   17 
Mike Lundin              0  0  0  -1  0   2  0  2  0/0   16 
Ruslan Fedotenko         0  0  0  -2  2   2  0  0  1/3   20 
Sean Bergenheim          2  0  2   1  2   5  8  0  2/4   20 
Sergei Samsonov          0  0  0  -1  0   0  0  0  3/6   8  
Sharks
Player Name              G  A  P  +/- PIM S  H  SB FO    MP 
------------------------------------------------------------
Alex Tanguay             0  1  1   0  0   3  0  0  0/0   11 
Blake Comeau             1  0  1   1  2   7  1  0  1/1   21 
Brad Staubitz            0  0  0  -1  2   0  1  0  2/10  16 
Bryan McCabe             0  0  0   0  2   1  2  1  0/0   27 
Dainius Zubrus           0  0  0   1  0   1  0  0  0/1   15 
Eric Brewer              0  1  1   0  0   0  0  0  0/0   9  
Erik Christensen         0  1  1  -1  0   3  0  0  10/17 18 
Francois Beauchemin      0  0  0   0  0   2  0  3  0/0   26 
Jarret Stoll             1  2  3   3  2   8  3  1  19/28 22 
Johnny Boychuk           0  0  0   2  2   0  3  0  0/0   22 
Kamil Kreps              0  1  1   0  0   1  2  0  6/13  14 
Marek Zidlicky           0  0  0   0  0   0  0  1  0/0   24 
Mark Stuart              0  1  1   1  0   0  0  0  0/0   3  
Mason Raymond            1  0  1   1  0   5  0  0  2/6   22 
Nick Foligno             0  0  0   1  0   0  1  0  1/1   10 
Shane Doan               1  0  1   1  0   4  2  0  1/5   22 
Shane OBrien             0  0  0   1  0   0  1  0  0/0   16 
Tom Kostopoulos          1  0  1   0  2   1  1  2  0/0   10 

3 Stars

1 - Michael Frolik (LOS)
2 - Sean Bergenheim (LOS)
3 - Jarret Stoll (SJS)

Power Play

Kings - 2 on 5 Attempt(s) - 40.00%
Sharks - 0 on 5 Attempt(s) - 0.00%

Penalty Kill

Kings - 5 on 5 Attempt(s) - 100.00% - Score 1 goal in Penalty Kill
Sharks - 3 on 5 Attempt(s) - 60.00% - Score 0 goal in Penalty Kill

Game Notes

Ondrej Pavelec enters game at 18:47 of 2nd period
Martin Skoula ejected from game at 3:28 of 3rd period
Martin Brodeur enters game at 9:26 of 3rd period

Finance

Level 1 -- Attendance: 4820 (74.15%) -- Ticket Income $482,000.00
Level 2 -- Attendance: 3503 (70.06%) -- Ticket Income $210,180.00
Level 3 -- Attendance: 2753 (78.66%) -- Ticket Income $96,355.00
Level 4 -- Attendance: 1496 (100.00%) -- Ticket Income $29,920.00
Luxury Box -- Attendance: 681 (68.10%) -- Ticket Income $136,200.00
Game was played at the HP Pavilion center
Total Attendance: 13253 (75.75%)
Total Ticket Income: $1,022,029.00
Other Income: $191,433.00
Total Income: $1,213,462.00


Play by Play

Period #1

0:01 of 1st period - Jarret Stoll wins face-off versus Michael Frolik in neutral zone.
0:42 of 1st period - Minor Penalty to Bryan McCabe for Hooking.
0:43 of 1st period - Kamil Kreps wins face-off versus Ethan Moreau in Sharks zone.
1:04 of 1st period - Shot by Ethan Moreau.
1:04 of 1st period - Shot Misses the Net.
1:20 of 1st period - Shot by Kent Huskins.
1:20 of 1st period - Stopped by Scott Clemmensen without a rebound.
1:21 of 1st period - Matt Duchene wins face-off versus Kamil Kreps in Sharks zone.
1:33 of 1st period - Shot by Jamie McBain.
1:33 of 1st period - Stopped by Scott Clemmensen with a rebound.
1:35 of 1st period - Shot by Martin Skoula.
1:35 of 1st period - Shot Misses the Net.
1:39 of 1st period - Shot by Sean Bergenheim.
1:39 of 1st period - Goal by Sean Bergenheim - Kings : 1 - Sharks : 0.
1:40 of 1st period - Craig Conroy wins face-off versus Brad Staubitz in neutral zone.
1:47 of 1st period - Shot by Ruslan Fedotenko.
1:47 of 1st period - Stopped by Scott Clemmensen with a rebound.
2:29 of 1st period - Off-side.
2:30 of 1st period - Erik Christensen wins face-off versus Ethan Moreau in neutral zone.
3:02 of 1st period - Shot by Shane Doan.
3:02 of 1st period - Stopped by Nikolai Khabibulin without a rebound.
3:03 of 1st period - Matt Duchene wins face-off versus Jarret Stoll in Kings zone.
3:34 of 1st period - Shot by Blake Comeau.
3:34 of 1st period - Shot Misses the Net.
4:03 of 1st period - Icing by Sean Bergenheim.
4:04 of 1st period - Matt Duchene wins face-off versus Dainius Zubrus in Kings zone.
4:09 of 1st period - Francois Beauchemin is hit by Michael Frolik and loses puck.
4:20 of 1st period - Shot by Craig Adams.
4:20 of 1st period - Shot Hit the Post.
4:22 of 1st period - Shot by Bryan Allen.
4:22 of 1st period - Stopped by Scott Clemmensen with a rebound.
4:26 of 1st period - Shot by Craig Adams.
4:26 of 1st period - Stopped by Scott Clemmensen with a rebound.
5:36 of 1st period - Shot by Alex Tanguay.
5:36 of 1st period - Stopped by Nikolai Khabibulin without a rebound.
5:37 of 1st period - Jarret Stoll wins face-off versus Sergei Samsonov in Kings zone.
5:37 of 1st period - Bryan McCabe is hit by Cory Sarich and loses puck.
6:46 of 1st period - Shot by Kamil Kreps.
6:46 of 1st period - Deflect By Tom Kostopoulos.
6:46 of 1st period - Goal by Tom Kostopoulos - Kings : 1 - Sharks : 1.
6:47 of 1st period - Erik Christensen wins face-off versus Darroll Powe in neutral zone.
7:13 of 1st period - Dainius Zubrus is hit by Darroll Powe and loses puck.
7:23 of 1st period - Icing by Francois Beauchemin.
7:24 of 1st period - Erik Christensen wins face-off versus Craig Conroy in Sharks zone.
7:37 of 1st period - Shot by Evgeny Artyukhin.
7:37 of 1st period - Stopped by Scott Clemmensen with a rebound.
7:39 of 1st period - Shot by Craig Conroy.
7:39 of 1st period - Shot Blocked by Francois Beauchemin.
8:48 of 1st period - Minor Penalty to Blake Comeau for Roughing.
8:49 of 1st period - Matt Duchene wins face-off versus Kamil Kreps in Sharks zone.
9:31 of 1st period - Bryan Allen is hit by Kamil Kreps and loses puck.
9:42 of 1st period - Shot by Ethan Moreau.
9:42 of 1st period - Stopped by Scott Clemmensen with a rebound.
9:44 of 1st period - Shot by Ethan Moreau.
9:44 of 1st period - Deflect By Craig Adams.
9:44 of 1st period - Stopped by Scott Clemmensen without a rebound.
9:45 of 1st period - Ruslan Fedotenko wins face-off versus Mason Raymond in Sharks zone.
10:49 of 1st period - Shot by Ethan Moreau.
10:49 of 1st period - Stopped by Scott Clemmensen with a rebound.
10:50 of 1st period - Minor Penalty to Ruslan Fedotenko for High sticking.
10:51 of 1st period - Matt Duchene wins face-off versus Jarret Stoll in Kings zone.
11:18 of 1st period - Shot by Bryan McCabe.
11:18 of 1st period - Stopped by Nikolai Khabibulin with a rebound.
11:20 of 1st period - Shot by Mason Raymond.
11:20 of 1st period - Shot Blocked by Michael Del Zotto.
12:09 of 1st period - Icing by Shane OBrien.
12:10 of 1st period - Craig Adams wins face-off versus Erik Christensen in Sharks zone.
12:11 of 1st period - Shot by Michael Frolik.
12:11 of 1st period - Goal by Michael Frolik - Kings : 2 - Sharks : 1.
12:12 of 1st period - Blake Comeau wins face-off versus Craig Adams in neutral zone.
12:41 of 1st period - Off-side.
12:42 of 1st period - Jarret Stoll wins face-off versus Craig Adams in neutral zone.
14:11 of 1st period - Shot by Erik Christensen.
14:11 of 1st period - Shot Misses the Net.
14:13 of 1st period - Shot by Dainius Zubrus.
14:13 of 1st period - Shot Misses the Net.
14:44 of 1st period - Icing by Mike Lundin.
14:45 of 1st period - Nick Foligno wins face-off versus Craig Conroy in Kings zone.
14:50 of 1st period - Shot by Alex Tanguay.
14:50 of 1st period - Stopped by Nikolai Khabibulin with a rebound.
14:52 of 1st period - Shot by Bryan McCabe.
14:52 of 1st period - Deflect By Jarret Stoll.
14:52 of 1st period - Stopped by Nikolai Khabibulin without a rebound.
14:53 of 1st period - Jarret Stoll wins face-off versus Matt Duchene in Kings zone.
14:59 of 1st period - Icing by Michael Frolik.
15:00 of 1st period - Matt Duchene wins face-off versus Kamil Kreps in Kings zone.
15:00 of 1st period - Matt Duchene is hit by Kamil Kreps.
15:20 of 1st period - Shot by Kamil Kreps.
15:20 of 1st period - Shot Misses the Net.
15:26 of 1st period - Shot by Sean Bergenheim.
15:26 of 1st period - Shot Hit the Post.
15:28 of 1st period - Shot by Sean Bergenheim.
15:28 of 1st period - Stopped by Scott Clemmensen with a rebound.
15:30 of 1st period - Shot by Sean Bergenheim.
15:30 of 1st period - Goal by Sean Bergenheim - Kings : 3 - Sharks : 1.
15:31 of 1st period - Darroll Powe wins face-off versus Jarret Stoll in neutral zone.
15:55 of 1st period - Darroll Powe is hit by Bryan McCabe.
16:04 of 1st period - Minor Penalty to Johnny Boychuk for Interference.
16:05 of 1st period - Matt Duchene wins face-off versus Kamil Kreps in Sharks zone.
16:31 of 1st period - Shot by Michael Frolik.
16:31 of 1st period - Shot Misses the Net.
16:35 of 1st period - Shot by Sean Bergenheim.
16:35 of 1st period - Shot Misses the Net.
17:20 of 1st period - Icing by Martin Skoula.
17:21 of 1st period - Michael Frolik wins face-off versus Jarret Stoll in Kings zone.
17:31 of 1st period - Jamie McBain is hit by Bryan McCabe.
17:33 of 1st period - Shot by Michael Frolik.
17:33 of 1st period - Deflect By Matt Duchene.
17:33 of 1st period - Shot Blocked by Francois Beauchemin.
17:37 of 1st period - Shot by Michael Frolik.
17:37 of 1st period - Goal by Michael Frolik - Kings : 4 - Sharks : 1.
17:38 of 1st period - Ethan Moreau wins face-off versus Kamil Kreps in neutral zone.
18:40 of 1st period - Shot by Ruslan Fedotenko.
18:40 of 1st period - Shot Misses the Net.
18:42 of 1st period - Shot by Mike Lundin.
18:42 of 1st period - Stopped by Scott Clemmensen without a rebound.
18:43 of 1st period - Erik Christensen wins face-off versus Matt Duchene in Sharks zone.
19:01 of 1st period - Off-side.
19:02 of 1st period - Craig Conroy wins face-off versus Kamil Kreps in neutral zone.
19:31 of 1st period - Shot by Francois Beauchemin.
19:31 of 1st period - Shot Blocked by Mike Lundin.

Period #2

0:01 of 2nd period - Jarret Stoll wins face-off versus Matt Duchene in neutral zone.
1:14 of 2nd period - Shot by Ethan Moreau.
1:14 of 2nd period - Deflect By Craig Adams.
1:14 of 2nd period - Shot Misses the Net.
1:27 of 2nd period - Minor Penalty to Bryan Allen for Hooking.
1:28 of 2nd period - Jarret Stoll wins face-off versus Craig Adams in Kings zone.
1:58 of 2nd period - Off-side.
1:59 of 2nd period - Craig Adams wins face-off versus Brad Staubitz in neutral zone.
3:00 of 2nd period - Shot by Bryan McCabe.
3:00 of 2nd period - Shot Misses the Net.
3:02 of 2nd period - Shot by Blake Comeau.
3:02 of 2nd period - Stopped by Nikolai Khabibulin without a rebound.
3:03 of 2nd period - Brad Staubitz wins face-off versus Matt Duchene in Kings zone.
5:51 of 2nd period - Alex Tanguay is hit by Sean Bergenheim and loses puck.
6:04 of 2nd period - Shot by Mike Lundin.
6:04 of 2nd period - Shot Blocked by Marek Zidlicky.
6:06 of 2nd period - Shot by Michael Frolik.
6:06 of 2nd period - Shot Misses the Net.
6:08 of 2nd period - Shot by Craig Conroy.
6:08 of 2nd period - Shot Blocked by Bryan McCabe.
6:28 of 2nd period - Shot by Craig Adams.
6:28 of 2nd period - Stopped by Scott Clemmensen without a rebound.
6:29 of 2nd period - Erik Christensen wins face-off versus Sergei Samsonov in Sharks zone.
7:17 of 2nd period - Shot by Michael Del Zotto.
7:17 of 2nd period - Shot Blocked by Jarret Stoll.
7:55 of 2nd period - Shot by Darroll Powe.
7:55 of 2nd period - Shot Misses the Net.
7:59 of 2nd period - Shot by Craig Adams.
7:59 of 2nd period - Shot Misses the Net.
8:37 of 2nd period - Shot by Shane Doan.
8:37 of 2nd period - Goal by Shane Doan - Kings : 4 - Sharks : 2.
8:38 of 2nd period - Kamil Kreps wins face-off versus Matt Duchene in neutral zone.
8:38 of 2nd period - Tom Kostopoulos is hit by Sean Bergenheim and loses puck.
8:44 of 2nd period - Minor Penalty to Brad Staubitz for Hooking.
8:45 of 2nd period - Kamil Kreps wins face-off versus Sean Bergenheim in Sharks zone.
10:49 of 2nd period - Off-side.
10:50 of 2nd period - Craig Conroy wins face-off versus Mason Raymond in neutral zone.
10:50 of 2nd period - Craig Conroy is hit by Tom Kostopoulos.
11:00 of 2nd period - Shot by Craig Conroy.
11:00 of 2nd period - Shot Blocked by Tom Kostopoulos.
11:02 of 2nd period - Shot by Michael Del Zotto.
11:02 of 2nd period - Stopped by Scott Clemmensen with a rebound.
11:41 of 2nd period - Shane Doan is hit by Cory Sarich and loses puck.
11:44 of 2nd period - Shot by Dainius Zubrus.
11:44 of 2nd period - Stopped by Nikolai Khabibulin without a rebound.
11:45 of 2nd period - Jarret Stoll wins face-off versus Darroll Powe in Kings zone.
11:52 of 2nd period - Shot by Jarret Stoll.
11:52 of 2nd period - Goal by Jarret Stoll - Kings : 4 - Sharks : 3.
11:53 of 2nd period - Matt Duchene wins face-off versus Brad Staubitz in neutral zone.
12:07 of 2nd period - Bryan McCabe is hit by Sean Bergenheim and loses puck.
12:39 of 2nd period - Icing by Shane Doan.
12:40 of 2nd period - Erik Christensen wins face-off versus Darroll Powe in Sharks zone.
12:48 of 2nd period - Icing by Bryan Allen.
12:49 of 2nd period - Darroll Powe wins face-off versus Mason Raymond in Kings zone.
12:49 of 2nd period - Bryan Allen is hit by Jarret Stoll and loses puck.
13:07 of 2nd period - Shot by Mason Raymond.
13:07 of 2nd period - Stopped by Nikolai Khabibulin without a rebound.
13:08 of 2nd period - Craig Conroy wins face-off versus Erik Christensen in Kings zone.
13:18 of 2nd period - Mike Lundin is hit by Shane Doan.
13:26 of 2nd period - Shot by Erik Christensen.
13:26 of 2nd period - Stopped by Nikolai Khabibulin without a rebound.
13:27 of 2nd period - Kamil Kreps wins face-off versus Darroll Powe in Kings zone.
13:27 of 2nd period - Kamil Kreps is hit by Bryan Allen.
14:24 of 2nd period - Icing by Bryan Allen.
14:25 of 2nd period - Jarret Stoll wins face-off versus Darroll Powe in Kings zone.
14:25 of 2nd period - Jarret Stoll is hit by Bryan Allen.
14:32 of 2nd period - Minor Penalty to Jarret Stoll for Hooking.
14:33 of 2nd period - Matt Duchene wins face-off versus Mason Raymond in Sharks zone.
14:33 of 2nd period - Matt Duchene is hit by Johnny Boychuk.
14:48 of 2nd period - Sean Bergenheim is hit by Johnny Boychuk and loses puck.
15:04 of 2nd period - Icing by Matt Duchene.
15:05 of 2nd period - Matt Duchene wins face-off versus Shane Doan in Kings zone.
15:54 of 2nd period - Shot by Shane Doan.
15:54 of 2nd period - Shot Misses the Net.
16:16 of 2nd period - Michael Del Zotto is hit by Shane OBrien and loses puck.
16:21 of 2nd period - Shot by Blake Comeau.
16:21 of 2nd period - Shot Misses the Net.
16:25 of 2nd period - Shot by Erik Christensen.
16:25 of 2nd period - Deflect By Blake Comeau.
16:25 of 2nd period - Stopped by Nikolai Khabibulin without a rebound.
16:26 of 2nd period - Kamil Kreps wins face-off versus Darroll Powe in Kings zone.
17:03 of 2nd period - Bryan McCabe is hit by Sean Bergenheim and loses puck.
17:10 of 2nd period - Nick Foligno is hit by Sean Bergenheim and loses puck.
18:10 of 2nd period - Icing by Mike Lundin.
18:11 of 2nd period - Jarret Stoll wins face-off versus Craig Conroy in Kings zone.
18:14 of 2nd period - Shot by Blake Comeau.
18:14 of 2nd period - Goal by Blake Comeau - Kings : 4 - Sharks : 4.
18:15 of 2nd period - Craig Conroy wins face-off versus Jarret Stoll in neutral zone.
18:37 of 2nd period - Shot by Mason Raymond.
18:37 of 2nd period - Shot Misses the Net.
18:39 of 2nd period - Shot by Mark Stuart.
18:39 of 2nd period - Shot Blocked by Mike Lundin.
18:47 of 2nd period - Shot by Mason Raymond.
18:47 of 2nd period - Goal by Mason Raymond - Kings : 4 - Sharks : 5.
18:47 of 2nd period - Ondrej Pavelec enters game.
18:48 of 2nd period - Sergei Samsonov wins face-off versus Erik Christensen in neutral zone.
19:02 of 2nd period - Erik Christensen is hit by Matt Duchene and loses puck.
19:13 of 2nd period - Shot by Erik Christensen.
19:13 of 2nd period - Shot Misses the Net.
19:15 of 2nd period - Shot by Kamil Kreps.
19:15 of 2nd period - Stopped by Ondrej Pavelec without a rebound.
19:16 of 2nd period - Brad Staubitz wins face-off versus Darroll Powe in Kings zone.

Period #3

0:01 of 3rd period - Jarret Stoll wins face-off versus Sean Bergenheim in neutral zone.
0:35 of 3rd period - Shot by Sean Bergenheim.
0:35 of 3rd period - Stopped by Scott Clemmensen with a rebound.
0:41 of 3rd period - Shot by Matt Duchene.
0:41 of 3rd period - Stopped by Scott Clemmensen without a rebound.
0:42 of 3rd period - Erik Christensen wins face-off versus Darroll Powe in Sharks zone.
0:42 of 3rd period - Erik Christensen is hit by Darroll Powe.
0:43 of 3rd period - Minor Penalty to Darroll Powe for Hooking.
0:44 of 3rd period - Craig Adams wins face-off versus Brad Staubitz in Kings zone.
0:59 of 3rd period - Shot by Francois Beauchemin.
0:59 of 3rd period - Stopped by Ondrej Pavelec with a rebound.
1:01 of 3rd period - Shot by Francois Beauchemin.
1:01 of 3rd period - Stopped by Ondrej Pavelec without a rebound.
1:02 of 3rd period - Craig Adams wins face-off versus Brad Staubitz in Kings zone.
1:13 of 3rd period - Shot by Shane Doan.
1:13 of 3rd period - Stopped by Ondrej Pavelec without a rebound.
1:14 of 3rd period - Jarret Stoll wins face-off versus Matt Duchene in Kings zone.
1:33 of 3rd period - Shot by Jarret Stoll.
1:33 of 3rd period - Shot Misses the Net.
1:35 of 3rd period - Shot by Blake Comeau.
1:35 of 3rd period - Stopped by Ondrej Pavelec without a rebound.
1:36 of 3rd period - Shane Doan wins face-off versus Craig Adams in Kings zone.
2:05 of 3rd period - Shot by Francois Beauchemin.
2:05 of 3rd period - Shot Misses the Net.
2:15 of 3rd period - Martin Skoula is hit by Brad Staubitz and loses puck.
2:42 of 3rd period - Bryan Allen is hit by Jarret Stoll and loses puck.
2:57 of 3rd period - Shot by Mason Raymond.
2:57 of 3rd period - Stopped by Ondrej Pavelec without a rebound.
2:58 of 3rd period - Kamil Kreps wins face-off versus Sergei Samsonov in Kings zone.
2:58 of 3rd period - Kamil Kreps is hit by Cory Sarich.
3:06 of 3rd period - Shot by Jarret Stoll.
3:06 of 3rd period - Shot Misses the Net.
3:08 of 3rd period - Shot by Tom Kostopoulos.
3:08 of 3rd period - Shot Misses the Net.
3:28 of 3rd period - Shot by Jarret Stoll.
3:28 of 3rd period - Stopped by Ondrej Pavelec without a rebound.
3:28 of 3rd period - Minor Penalty to Tom Kostopoulos for Tripping.
3:28 of 3rd period - Major / Game Misconduct Penalty to Martin Skoula for Checking from behind.
3:28 of 3rd period - Martin Skoula is ejected from game.
3:29 of 3rd period - Craig Adams wins face-off versus Jarret Stoll in Kings zone.
3:34 of 3rd period - Bryan McCabe is hit by Sean Bergenheim and loses puck.
3:51 of 3rd period - Shot by Mason Raymond.
3:51 of 3rd period - Shot Misses the Net.
3:55 of 3rd period - Shot by Jarret Stoll.
3:55 of 3rd period - Stopped by Ondrej Pavelec without a rebound.
3:56 of 3rd period - Erik Christensen wins face-off versus Matt Duchene in Kings zone.
3:59 of 3rd period - Shot by Blake Comeau.
3:59 of 3rd period - Shot Misses the Net.
4:03 of 3rd period - Shot by Blake Comeau.
4:03 of 3rd period - Shot Hit the Post.
4:05 of 3rd period - Shot by Erik Christensen.
4:05 of 3rd period - Stopped by Ondrej Pavelec with a rebound.
4:09 of 3rd period - Shot by Erik Christensen.
4:09 of 3rd period - Stopped by Ondrej Pavelec without a rebound.
4:10 of 3rd period - Erik Christensen wins face-off versus Craig Adams in Kings zone.
4:36 of 3rd period - Minor Penalty to Bryan Allen for Slashing.
4:37 of 3rd period - Jarret Stoll wins face-off versus Matt Duchene in Kings zone.
4:44 of 3rd period - Shot by Jarret Stoll.
4:44 of 3rd period - Stopped by Ondrej Pavelec without a rebound.
4:45 of 3rd period - Matt Duchene wins face-off versus Jarret Stoll in Kings zone.
5:33 of 3rd period - Shot by Marek Zidlicky.
5:33 of 3rd period - Shot Misses the Net.
5:35 of 3rd period - Shot by Dainius Zubrus.
5:35 of 3rd period - Shot Misses the Net.
5:37 of 3rd period - Shot by Dainius Zubrus.
5:37 of 3rd period - Deflect By Shane Doan.
5:37 of 3rd period - Stopped by Ondrej Pavelec without a rebound.
5:38 of 3rd period - Sean Bergenheim wins face-off versus Brad Staubitz in Kings zone.
5:44 of 3rd period - Icing by Dainius Zubrus.
5:45 of 3rd period - Sean Bergenheim wins face-off versus Brad Staubitz in Sharks zone.
8:02 of 3rd period - Mike Lundin is hit by Nick Foligno and loses puck.
8:18 of 3rd period - Marek Zidlicky is hit by Michael Frolik and loses puck.
9:19 of 3rd period - Marek Zidlicky is hit by Darroll Powe and loses puck.
9:26 of 3rd period - Shot by Craig Adams.
9:26 of 3rd period - Goal by Craig Adams - Kings : 5 - Sharks : 5.
9:26 of 3rd period - Martin Brodeur enters game.
9:27 of 3rd period - Craig Conroy wins face-off versus Jarret Stoll in neutral zone.
9:27 of 3rd period - Craig Conroy is hit by Blake Comeau.
9:31 of 3rd period - Johnny Boychuk is hit by Evgeny Artyukhin and loses puck.
9:37 of 3rd period - Icing by Bryan McCabe.
9:38 of 3rd period - Jarret Stoll wins face-off versus Ruslan Fedotenko in Sharks zone.
9:38 of 3rd period - Jarret Stoll is hit by Sean Bergenheim.
9:48 of 3rd period - Shot by Jarret Stoll.
9:48 of 3rd period - Stopped by Ondrej Pavelec with a rebound.
9:52 of 3rd period - Shot by Mason Raymond.
9:52 of 3rd period - Shot Misses the Net.
9:54 of 3rd period - Shot by Blake Comeau.
9:54 of 3rd period - Stopped by Ondrej Pavelec without a rebound.
9:55 of 3rd period - Craig Conroy wins face-off versus Brad Staubitz in Kings zone.
10:24 of 3rd period - Shot by Nick Foligno.
10:24 of 3rd period - Shot Blocked by Michael Del Zotto.
10:39 of 3rd period - Minor Penalty to Sean Bergenheim for Hooking.
10:40 of 3rd period - Matt Duchene wins face-off versus Jarret Stoll in Kings zone.
11:08 of 3rd period - Shot by Jarret Stoll.
11:08 of 3rd period - Stopped by Ondrej Pavelec without a rebound.
11:09 of 3rd period - Michael Frolik wins face-off versus Erik Christensen in Kings zone.
13:49 of 3rd period - Shot by Ruslan Fedotenko.
13:49 of 3rd period - Stopped by Martin Brodeur without a rebound.
13:50 of 3rd period - Jarret Stoll wins face-off versus Matt Duchene in Sharks zone.
13:57 of 3rd period - Johnny Boychuk is hit by Sean Bergenheim and loses puck.
14:06 of 3rd period - Shot by Sean Bergenheim.
14:06 of 3rd period - Stopped by Martin Brodeur without a rebound.
14:07 of 3rd period - Sergei Samsonov wins face-off versus Shane Doan in Sharks zone.
14:24 of 3rd period - Shot by Jay Pandolfo.
14:24 of 3rd period - Deflect By Matt Duchene.
14:24 of 3rd period - Stopped by Martin Brodeur with a rebound.
14:26 of 3rd period - Shot by Cory Sarich.
14:26 of 3rd period - Shot Misses the Net.
14:28 of 3rd period - Shot by Jay Pandolfo.
14:28 of 3rd period - Shot Blocked by Tom Kostopoulos.
15:06 of 3rd period - Shot by Ruslan Fedotenko.
15:06 of 3rd period - Shot Misses the Net.
15:08 of 3rd period - Shot by Ruslan Fedotenko.
15:08 of 3rd period - Shot Misses the Net.
15:10 of 3rd period - Shot by Mike Lundin.
15:10 of 3rd period - Shot Misses the Net.
15:12 of 3rd period - Shot by Mike Lundin.
15:12 of 3rd period - Stopped by Martin Brodeur without a rebound.
15:13 of 3rd period - Darroll Powe wins face-off versus Erik Christensen in Sharks zone.
15:14 of 3rd period - Shot by Craig Adams.
15:14 of 3rd period - Shot Misses the Net.
16:10 of 3rd period - Icing by Kent Huskins.
16:11 of 3rd period - Mason Raymond wins face-off versus Darroll Powe in Kings zone.
16:28 of 3rd period - Shot by Blake Comeau.
16:28 of 3rd period - Stopped by Ondrej Pavelec without a rebound.
16:29 of 3rd period - Jarret Stoll wins face-off versus Jay Pandolfo in Kings zone.
16:30 of 3rd period - Shot by Dainius Zubrus.
16:30 of 3rd period - Deflect By Blake Comeau.
16:30 of 3rd period - Stopped by Ondrej Pavelec without a rebound.
16:31 of 3rd period - Sergei Samsonov wins face-off versus Erik Christensen in Kings zone.
17:04 of 3rd period - Johnny Boychuk is hit by Matt Duchene and loses puck.
17:09 of 3rd period - Shot by Sergei Samsonov.
17:09 of 3rd period - Shot Misses the Net.
17:11 of 3rd period - Shot by Sergei Samsonov.
17:11 of 3rd period - Shot Misses the Net.
17:33 of 3rd period - Shot by Alex Tanguay.
17:33 of 3rd period - Stopped by Ondrej Pavelec without a rebound.
17:34 of 3rd period - Matt Duchene wins face-off versus Shane Doan in Kings zone.
17:34 of 3rd period - Matt Duchene is hit by Shane Doan.
18:01 of 3rd period - Icing by Francois Beauchemin.
18:02 of 3rd period - Darroll Powe wins face-off versus Shane Doan in Sharks zone.
18:09 of 3rd period - Shot by Darroll Powe.
18:09 of 3rd period - Shot Misses the Net.
18:15 of 3rd period - Shot by Craig Adams.
18:15 of 3rd period - Stopped by Martin Brodeur without a rebound.
18:16 of 3rd period - Jarret Stoll wins face-off versus Craig Adams in Sharks zone.
18:21 of 3rd period - Craig Adams is hit by Jarret Stoll and loses puck.
18:28 of 3rd period - Shot by Craig Conroy.
18:28 of 3rd period - Deflect By Darroll Powe.
18:28 of 3rd period - Shot Blocked by Francois Beauchemin.
18:32 of 3rd period - Shot by Craig Adams.
18:32 of 3rd period - Shot Misses the Net.
18:36 of 3rd period - Shot by Craig Adams.
18:36 of 3rd period - Stopped by Martin Brodeur without a rebound.
18:37 of 3rd period - Mason Raymond wins face-off versus Matt Duchene in Sharks zone.
18:42 of 3rd period - Shot by Johnny Boychuk.
18:42 of 3rd period - Shot Misses the Net.
19:00 of 3rd period - Shot by Michael Frolik.
19:00 of 3rd period - Shot Misses the Net.
19:07 of 3rd period - Matt Duchene is hit by Johnny Boychuk and loses puck.
19:31 of 3rd period - Shot by Jarret Stoll.
19:31 of 3rd period - Stopped by Ondrej Pavelec without a rebound.
19:32 of 3rd period - Erik Christensen wins face-off versus Ruslan Fedotenko in Kings zone.
19:57 of 3rd period - Shot by Craig Conroy.
19:57 of 3rd period - Stopped by Martin Brodeur without a rebound.
19:58 of 3rd period - Craig Adams wins face-off versus Kamil Kreps in Sharks zone.

Overtime #1

0:01 of 1st overtime period - Jarret Stoll wins face-off versus Matt Duchene in neutral zone.
0:04 of 1st overtime period - Shot by Mason Raymond.
0:04 of 1st overtime period - Shot Blocked by Jamie McBain.
0:06 of 1st overtime period - Shot by Mason Raymond.
0:06 of 1st overtime period - Stopped by Ondrej Pavelec with a rebound.
0:24 of 1st overtime period - Shot by Mason Raymond.
0:24 of 1st overtime period - Stopped by Ondrej Pavelec with a rebound.
1:07 of 1st overtime period - Shot by Erik Christensen.
1:07 of 1st overtime period - Shot Blocked by Kent Huskins.
2:16 of 1st overtime period - Icing by Johnny Boychuk.
2:17 of 1st overtime period - Jarret Stoll wins face-off versus Craig Adams in Sharks zone.
2:50 of 1st overtime period - Icing by Shane Doan.
2:51 of 1st overtime period - Michael Frolik wins face-off versus Erik Christensen in Sharks zone.
3:14 of 1st overtime period - Shot by Michael Frolik.
3:14 of 1st overtime period - Stopped by Martin Brodeur without a rebound.
3:15 of 1st overtime period - Jarret Stoll wins face-off versus Matt Duchene in Sharks zone.
4:04 of 1st overtime period - Shot by Blake Comeau.
4:04 of 1st overtime period - Shot Misses the Net.
4:08 of 1st overtime period - Shot by Blake Comeau.
4:08 of 1st overtime period - Shot Misses the Net.
4:12 of 1st overtime period - Shot by Marek Zidlicky.
4:12 of 1st overtime period - Shot Blocked by Bryan Allen.

ShootOut

ShootOut - Penalty Shot by Matt Duchene for Kings.
ShootOut - Stopped by Martin Brodeur.
ShootOut - Penalty Shot by Mason Raymond for Sharks.
ShootOut - Stopped by Ondrej Pavelec.
ShootOut - Penalty Shot by Sean Bergenheim for Kings.
ShootOut - Stopped by Martin Brodeur.
ShootOut - Penalty Shot by Jarret Stoll for Sharks.
ShootOut - Stopped by Ondrej Pavelec.
ShootOut - Penalty Shot by Craig Adams for Kings.
ShootOut - Shot Misses the Net.
ShootOut - Penalty Shot by Blake Comeau for Sharks.
ShootOut - Goal by Blake Comeau.


Output by the SimonT Hockey Simulator (STHS) for Stephane Roy -- Original Page W3C XHTML 1.0 Valid